 Dungeon Crawl Stone Soup version 0.24.1-14-gf8d2b509d9 (webtiles) character file.

Game seed: 12045285895726428179, levelgen mode: deterministic

67 cstieg1 the Conjurer (level 4, -1/25 HPs)
             Began as a Tengu Wizard on Nov 5, 2020.
             Slain by a hound (4 damage)
             ... on level 2 of the Dungeon.
             The game lasted 00:04:10 (1910 turns).

cstieg1 the Conjurer (Tengu Wizard)                 Turns: 1910, Time: 00:04:11

Health: -1/25      AC:  3    Str:  7    XL:     4   Next: 18%
Magic:  0/10       EV: 12    Int: 20    God:
Gold:   43         SH:  0    Dex: 12    Spells: 3/9 levels left

rFire    . . .     SeeInvis .   c - +0 short sword
rCold    . . .     Gourm    .   (no shield)
rNeg     . . .     Faith    .   n - +0 leather armour
rPois    .         Spirit   .   b - +0 hat
rElec    .         Reflect  .   (no cloak)
rCorr    .         Harm     .   (no gloves)
MR       .....                  (boots unavailable)
Stlth    ++........             (no amulet)
HPRegen  0.08/turn              (no ring)
MPRegen  0.12/turn              (no ring)

@: very slightly contaminated
A: beak, talons 3
a: no special abilities


You were on level 2 of the Dungeon.
You were not hungry.

You visited 1 branch of the dungeon, and saw 2 of its levels.

You collected 43 gold pieces.

Inventory:

Hand Weapons
 c - a +0 short sword (weapon)
 m - a +0 whip
Missiles
 j - an atropa-tipped dart (quivered)
Armour
 a - a +0 robe
 b - a +0 hat (worn)
 n - a +0 leather armour (worn)
Scrolls
 e - a scroll of amnesia {unknown}
 f - a scroll of magic mapping {unknown}
 g - a scroll of blinking {unknown}
 i - 3 scrolls of identify {unknown}
 l - 2 scrolls of remove curse {unknown}
Potions
 h - 2 potions of curing {unknown}
 k - 2 potions of ambrosia {unknown}
 p - a potion of invisibility {unknown}
Comestibles
 d - 3 rations
 o - a chunk of flesh


   Skills:
 + Level 1.2 Fighting
 + Level 2.9 Dodging
 - Level 2.1 Stealth
 + Level 3.3 Spellcasting
 * Level 3.4 Conjurations
 - Level 1.2 Summonings
   Level 0.7 Translocations
 * Level 0.0 Air Magic


You had 3 spell levels left.
You knew the following spells:

 Your Spells              Type           Power        Failure   Level  Hunger
a - Magic Dart            Conj           ###.         4%          1    None
b - Call Imp              Summ           #.......     19%         2    ##.....
c - Mephitic Cloud        Conj/Pois/Air  #.......     36%         3    ###....

Your spell library contained the following spells:

 Spells                   Type           Power        Failure   Level  Hunger
 Blink                    Tloc           N/A          24%         2    ##.....
 Slow                     Hex            #.......     30%         2    ##.....
 Conjure Flame            Conj/Fire      ##......     30%         3    ###....


Dungeon Overview and Level Annotations

Branches:
Dungeon (2/15)

Altars:
Fedhas
Makhleb

Annotations:
D:2 1 exclusion, Terence


Innate Abilities, Weirdness & Mutations

You have a beak for a mouth.
You have claws for feet.


Message History

You closely miss the hound. You claw the hound, but do no damage.
The hound is severely wounded.
The hound seems less confused.
The hound bites you. The hound barely misses you.
Throwing (i - inventory)
j - 3 atropa-tipped darts (quivered)
Press: ? - help, Shift-Dir - straight line, f/p - hound
Aim: a hound (severely wounded, chance to blind on hit: 83%)
You throw an atropa-tipped dart.
The atropa-tipped dart misses the hound.
The hound bites you.
* * * LOW HITPOINT WARNING * * *
Throwing (i - inventory)
j - 2 atropa-tipped darts (quivered)
Press: ? - help, Shift-Dir - straight line, f/p - hound
Aim: a hound (severely wounded, chance to blind on hit: 80%)
You throw an atropa-tipped dart.
The atropa-tipped dart closely misses the hound.
The hound bites you.
* * * LOW HITPOINT WARNING * * *
The hound bites you.
You die...

################......####...####
...............'.....(+...[..(...
...####.......##......####...####
...# #.......######### ##### #
...# #...(...### ### ...#
#.........# #.. ...# #.......#.##
### '### #....####..## .## #...##
##@h# .(# #...# #...(.# #.##
###'##∩_?...# #..# #.###.....#
##.## ##.###.#.### #..# #...####.
##.# #........ #.## #.†......
##.(###.........


You could see a hound.

Vanquished Creatures
  A gnoll (D:1)
  2 oozes
  A worm (D:2)
  A dart slug (D:1)
  A leopard gecko (D:1)
  2 ball pythons
  3 bats (D:1)
  4 giant cockroaches (D:1)
  5 goblins
  4 hobgoblins
  6 jackals (D:2)
  2 frilled lizards
  7 kobolds
  2 rats (D:2)
41 creatures vanquished.

Notes
Turn   | Place    | Note
-------+----------+-------------------------------------------
     0 | D:1      | cstieg1 the Tengu Wizard began the quest for the Orb.
     0 | D:1      | Reached XP level 1. HP: 10/10 MP: 5/5
   150 | D:1      | Reached XP level 2. HP: 15/15 MP: 2/7
   739 | D:1      | Reached XP level 3. HP: 20/20 MP: 0/8
   747 | D:1      | Learned a level 2 spell: Call Imp
  1213 | D:2      | Found a blossoming altar of Fedhas.
  1215 | D:2      | Reached skill level 1 in Fighting
  1462 | D:2      | Reached XP level 4. HP: 25/25 MP: 2/9
  1804 | D:2      | Noticed Terence
  1874 | D:2      | Learned a level 3 spell: Mephitic Cloud
  1895 | D:2      | Found a burning altar of Makhleb.
  1910 | D:2      | Slain by a hound

Levels and vault maps discovered:
D:1:      matt_arrival_grand_opening, layout_loops_ring, grunt_decor_fettered,
          minmay_quantized
D:2:      layout_basic, makhleb_heckhound_becter, fedhas_altar_1,
          minmay_misc_feat_five, chequers_serial_rivers_micro_e, uniq_terence

Skill      XL: |  1  2  3 |
---------------+----------+-----
Conjurations   | 2 3 |  3.4
Fighting       | 1 |  1.2
Dodging        | |  2.9
Stealth        | |  2.1
Spellcasting   | |  3.3
Summonings     | |  1.2
Translocations | |  0.7

Action                   |  1- 3 |  4- 6 || total
-------------------------+-------+-------++-------
Melee: Short sword       |     6 |     2 ||     8
       Kick              |       |     2 ||     2
Throw: Dart              |       |     3 ||     3
 Cast: Magic Dart        |    89 |    28 ||   117
  Eat: Chunk             |     2 |     1 ||     3
Armor: Robe              |     1 |       ||     1
       Leather armour    |       |     4 ||     4
Dodge: Dodged            |    15 |     6 ||    21
